 Dungeon Crawl Stone Soup version 0.28.0-47-ge53b351184 (webtiles) character file.

Game seed: 13104252908867404965

2403 Peloso the Carver (level 9, -2/79 HPs)
             Began as a Minotaur Fighter on Apr 30, 2022.
             Slain by Harold
             ... wielding a +2 battleaxe of distortion
              (23 damage)
             ... on level 7 of the Dungeon.
             The game lasted 00:10:48 (8167 turns).

Peloso the Carver (Minotaur Fighter)                Turns: 8167, Time: 00:10:49

Health: -2/79      AC: 11    Str: 22    XL:     9   Next: 23%
Magic:  8/8        EV: 10    Int:  5    God:
Gold:   425        SH:  5    Dex: 13    Spells: 8/8 levels left

rFire   . . .      SeeInvis .   a - +0 long sword
rCold   . . .      Faith    .   c - +0 buckler
rNeg    . . .      Spirit   .   b - +3 scale mail
rPois   +          Reflect  .   (helmet restricted)
rElec   .          Harm     .   (no cloak)
rCorr   .          Rampage  .   (no gloves)
Will    .....                   (no boots)
Stlth   ..........              (no amulet)
HPRegen 0.23/turn               f - ring of poison resistance
MPRegen 0.11/turn               (no ring)

@: about to teleport
A: horns 2, retaliatory headbutt
a: no special abilities


You were on level 7 of the Dungeon.
You visited 1 branch of the dungeon, and saw 7 of its levels.

You collected 425 gold pieces.

Inventory:

Hand Weapons
 a - a +0 long sword (weapon)
 s - a +0 hand crossbow
Missiles
 t - 74 bolts
Armour
 b - a +3 scale mail (worn)
 c - a +0 buckler (worn)
 i - a +0 chain mail
Jewellery
 f - a ring of poison resistance (left hand)
Wands
 g - a wand of charming (10)
 r - a wand of flame (16)
Scrolls
 e - a scroll of noise
 h - a scroll of silence {unknown}
 j - a scroll of fog {unknown}
 k - a scroll of blinking {unknown}
 u - 2 scrolls of amnesia {unknown}
 v - a scroll of magic mapping {unknown}
Potions
 l - a potion of cancellation
 p - a potion of invisibility {unknown}
 w - a potion of curing


   Skills:
 + Level 7.4 Fighting
 + Level 9.4 Long Blades
 + Level 8.9 Armour
 + Level 2.7 Dodging
 + Level 1.1 Stealth
 + Level 5.3 Shields


You had 8 spell levels left.
You didn't know any spells.
Your spell library contained the following spells:

 Spells                   Type           Power      Damage    Failure   Level
 Sting                    Tmut/Pois      0%         1d3       83%         1
 Poisonous Vapours        Pois/Air       0%         N/A       93%         2
 Olgreb's Toxic Radiance  Pois           0%         N/A       100%        4


Dungeon Overview and Level Annotations

Branches:
Dungeon (7/15)
 Temple: D:4-7

Altars:

Annotations:
D:7 Harold


Innate Abilities, Weirdness & Mutations

You have a pair of horns on your head.
You reflexively headbutt those who attack you in melee.


Message History

The bullfrog skeleton is almost destroyed.
The bullfrog skeleton hits you.
You slash the bullfrog skeleton!
You destroy the bullfrog skeleton!
You feel a little less mighty now.
Found a falchion.
Found an escape hatch in the ceiling.
You now have 425 gold pieces (gained 22).
You see here a +0 robe.
You see here a +0 robe.
Harold the Weathered comes into view.
He is wielding a +2 battleaxe of distortion.
Harold shouts!
Harold throws a throwing net.
The throwing net hits you.
You become entangled in the net!
You see here a throwing net.
You tear a large gash into the net.
You shred the net and break free!
Okay, then.
You hit Harold.
Harold is lightly wounded.
Harold hits you with a +2 battleaxe of distortion!
Space warps around you.
You slash Harold!
Harold is lightly wounded.
You block Harold's attack.
You hit Harold but do no damage.
Harold is lightly wounded.
Harold hits you with a +2 battleaxe of distortion!!
You barely miss Harold.
Harold is lightly wounded.
Harold hits you with a +2 battleaxe of distortion.
You hit Harold.
Harold is lightly wounded.
Harold hits you with a +2 battleaxe of distortion!
* * * LOW HITPOINT WARNING * * *
Unknown command.
As you read the scroll of teleportation, it crumbles to dust.
You feel strangely unstable.
Harold hits you with a +2 battleaxe of distortion!!
You die...

#......# #......# .
####.#.###### #.#.##...#
# ###.#.##...##
..#######...#.......####
#.......................
#.......................
#......@.............)..
......@.................
#.......................
#.......................
........................
#.................>.....
........................
.......................[
.....................


You could see Harold.

Vanquished Creatures
  A hornet (D:7)
  Eustachio (D:5)
  Edmund (D:6)
  A water moccasin (D:5)
  Duvessa (D:4)
  A black bear (D:7)
  2 necrophages
  2 ogres
  2 centaurs
  A phantom (D:5)
  2 scorpions
  Dowan (D:4)
  2 bullfrog zombies
  2 hounds
  6 orc priests
  2 bullfrog skeletons
  A jelly (D:5)
  A centaur skeleton (D:6)
  3 iguanas
  Terence (D:3)
  Ijyb (D:4)
  4 orc wizards
  3 hound skeletons
  12 gnolls (D:3)
  4 adders
  A shadow imp (D:6)
  A worm (D:2)
  3 dart slugs
  17 orcs
  11 ball pythons
  7 endoplasms
  9 giant cockroaches
  4 goblins
  5 hobgoblins
  5 quokkas
  3 bats
  6 frilled lizards
  6 kobolds
  A rat (D:2)
137 creatures vanquished.

Notes
Turn   | Place    | Note
-------+----------+-------------------------------------------
     0 | D:1      | Peloso the Minotaur Fighter began the quest for the Orb.
     0 | D:1      | Reached XP level 1. HP: 19/19 MP: 0/0
   272 | D:1      | Reached XP level 2. HP: 27/27 MP: 1/1
   805 | D:2      | Reached XP level 3. HP: 33/34 MP: 2/2
  1222 | D:2      | Reached skill level 3 in Long Blades
  1452 | D:2      | Reached XP level 4. HP: 37/41 MP: 3/3
  1916 | D:3      | Noticed Terence
  1926 | D:3      | Killed Terence
  2724 | D:3      | Reached skill level 4 in Long Blades
  2943 | D:3      | Reached XP level 5. HP: 36/47 MP: 4/4
  3055 | D:3      | Noticed an ogre
  3061 | D:3      | Killed an ogre
  3062 | D:3      | Reached skill level 5 in Armour
  3126 | D:3      | Reached XP level 6. HP: 53/55 MP: 5/5
  3130 | D:3      | Reached skill level 5 in Long Blades
  3237 | D:3      | Reached skill level 5 in Fighting
  3911 | D:4      | Reached skill level 1 in Dodging
  4074 | D:4      | Reached XP level 7. HP: 13/61 MP: 6/6
  4341 | D:4      | Noticed Ijyb
  4361 | D:4      | Killed Ijyb
  4362 | D:4      | Reached skill level 6 in Long Blades
  4540 | D:4      | Noticed Duvessa
  4540 | D:4      | Noticed Dowan
  4553 | D:4      | Killed Duvessa
  4563 | D:4      | Killed Dowan
  5973 | D:5      | Entered Level 5 of the Dungeon
  6210 | D:5      | Reached XP level 8. HP: 64/70 MP: 7/7
  6264 | D:5      | Reached skill level 7 in Long Blades
  6324 | D:5      | Reached skill level 5 in Shields
  7141 | D:6      | Reached skill level 8 in Long Blades
  7141 | D:6      | Noticed Edmund
  7160 | D:6      | Killed Edmund
  7161 | D:6      | Reached skill level 1 in Stealth
  7229 | D:6      | Noticed Eustachio
  7259 | D:5      | Killed Eustachio
  7758 | D:7      | Reached skill level 9 in Long Blades
  7758 | D:7      | Reached XP level 9. HP: 59/79 MP: 8/8
  8157 | D:7      | Noticed Harold
  8167 | D:7      | Slain by Harold

Illustrated notes

Levels and vault maps discovered:
D:1:      dpeg_arrival_lava_temple_mockup, layout_basic,
          minmay_worlds_worst_comb
D:2:      minmay_skewed_foursquare, layout_loops_ring
D:3:      layout_basic, uniq_terence
D:4:      layout_basic, hangedman_glass_teeth, grunt_ministairs_12, uniq_ijyb,
          uniq_duvessa
D:5:      layout_basic
D:6:      layout_cave_pools, uniq_eustachio, uniq_edmund
D:7:      layout_basic, minmay_temple_entry_tees, uniq_harold

Skill      XL: |  1  2  3  4  5  6  7  8 |
---------------+-------------------------+-----
Fighting       | 4 5 6 7 |  7.4
Shields        | 4 5 |  5.3
Armour         | 4 5 7 8 |  8.9
Long Blades    | 3 4 5 6 9 |  9.4
Dodging        | 1 2 |  2.7
Stealth        | 1 |  1.1

Action                   |  1- 3 |  4- 6 |  7- 9 || total
-------------------------+-------+-------+-------++-------
Melee: Long sword        |    83 |   147 |   208 ||   438
       Headbutt          |     9 |    25 |    50 ||    84
  Use: Scroll            |     3 |     1 |     6 ||    10
       Potion            |       |     1 |     7 ||     8
Armor: Scale mail        |    18 |       |    38 ||    56
       Chain mail        |    29 |    79 |    69 ||   177
Dodge: Dodged            |    39 |    41 |    77 ||   157
Block: Buckler           |    18 |    21 |    49 ||    88
